 Dungeon Crawl Stone Soup version 0.27-a0-1177-g245c70e1c0 (webtiles) character file.

Game seed: 10778408795562024453

7731 Feb132020 the Tainter (level 11, -1/94 HPs)
             Began as a Green Draconian Venom Mage on May 15, 2021.
             Was a Priest of Yredelemnul.
             Slain by an unseen horror (9 damage)
             ... on level 10 of the Dungeon on May 16, 2021.
             The game lasted 01:19:25 (13095 turns).

Feb132020 the Tainter (Green Draconian Venom Mage) Turns: 13095, Time: 01:19:25

Health: -1/94      AC:  9    Str: 13    XL:     11   Next: 0%
Magic:  20/21      EV: 17    Int: 17    God:    Yredelemnul [***...]
Gold:   260        SH:  3    Dex: 11    Spells: 8/24 levels left

rFire    x . .     SeeInvis .   D - +4 dagger (venom)
rCold    + . .     Faith    .   I - +0 buckler
rNeg     . . .     Spirit   .   (armour unavailable)
rPois    +         Reflect  .   (helmet currently unavailable)
rElec    .         Harm     .   s - +0 cloak
rCorr    .         Rampage  .   y - +0 pair of gloves
Will     .....                  (boots currently unavailable)
Stlth    +++.......             (no amulet)
HPRegen  0.25/turn              l - ring of ice
MPRegen  0.17/turn              G - +4 ring of evasion

@: appendages (expiring), marked
A: horns 2, talons 2, breathe noxious fumes, AC +7, unfitting armour, poison
resistance, cold-blooded
a: Breathe Noxious Fumes, End Transformation, Renounce Religion, Recall Undead
Slaves, Injury Mirror, Animate Dead


You were on level 10 of the Dungeon.
You worshipped Yredelemnul.
Yredelemnul was most pleased with you.
You had temporarily grown beastly horns and talons.
You visited 1 branch of the dungeon, and saw 10 of its levels.
You also visited: Ossuary.

You collected 641 gold pieces.
You spent 381 gold pieces at shops.

Inventory:

Hand Weapons
 a - a +1 dagger
 D - a +4 dagger of venom (weapon)
Missiles
 f - 2 throwing nets
 h - 6 curare-tipped darts
Armour
 s - a +0 cloak (worn)
 u - a +1 pair of boots of stealth (melded)
 y - a +0 pair of gloves (worn)
 H - a +0 pair of boots
 I - a +0 buckler (worn)
Jewellery
 l - a ring of ice (left hand)
 n - a ring of resist corrosion
 z - a ring of ice
 G - a +4 ring of evasion (right hand)
Wands
 e - a wand of iceblast (9)
 r - a wand of digging (7)
 A - a wand of acid (8)
Scrolls
 b - a scroll of silence
 c - a scroll of fear
 i - a scroll of enchant weapon
 m - 7 scrolls of teleportation
 q - 3 scrolls of fog
 t - 2 scrolls of amnesia
 w - a scroll of blinking
 x - a scroll of torment
 E - a scroll of immolation
 J - a scroll of summoning {unknown}
 K - a scroll of magic mapping {unknown}
Potions
 d - a potion of mutation
 g - 2 potions of haste
 j - 2 potions of curing
 k - 2 potions of invisibility
 o - a potion of brilliance {unknown}
 p - a potion of might {unknown}
 v - a potion of heal wounds {unknown}
 B - a potion of lignification {unknown}
 F - a potion of resistance {unknown}


   Skills:
 * Level 7.9 Fighting
 + Level 3.2 Short Blades
 + Level 5.5 Dodging
 + Level 5.7 Stealth
 + Level 0.1 Shields
 + Level 7.2 Spellcasting
 + Level 6.0 Transmutations
 + Level 3.2 Air Magic
 + Level 8.0 Poison Magic
 + Level 4.7 Invocations


You had 8 spell levels left.
You knew the following spells:

 Your Spells              Type           Power      Damage    Failure   Level
a - Sting                 Tmut/Pois      100%       1d8       1%          1
b - Poisonous Vapours     Pois/Air       50%        N/A       2%          2
c - Beastly Appendage     Tmut           52%        N/A       1%          1
d - Wereblood             Tmut           26%        N/A       2%          2
e - Mephitic Cloud        Conj/Pois/Air  18%        N/A       12%         3
o - Olgreb's Toxic Radia  Pois           33%        N/A       7%          4
S - Spider Form           Tmut/Pois      15%        N/A       3%          3

Your spell library contained the following spells:

 Spells                   Type           Power      Damage    Failure   Level
 Ignite Poison            Fire/Tmut/Pois 22%        N/A       8%          3
 Magic Dart               Conj           24%        1d4       19%         1
 Hydra Form               Tmut           13%        N/A       41%         5
 Ice Form                 Ice/Tmut       24%        N/A       47%         4
 Lightning Bolt           Conj/Air       5%         1d17      95%         5
 Fireball                 Conj/Fire      3%         3d4       99%         5
 Starburst                Conj/Fire      3%         8x6d3     100%        6


Dungeon Overview and Level Annotations

Branches:
Dungeon (10/15)            Temple (0/1) D:6         Ossuary (visited)
   Lair: D:8-11         Orc: D:9-12

Altars:
Ashenzari
Nemelex Xobeh
Ru
Uskayaw
Yredelemnul

Shops:
D:9 *[!*[

Annotations:
D:3 1 runed translucent door, Crazy Yiuf


Innate Abilities, Weirdness & Mutations

You have temporarily grown beastly horns and talons.
You can breathe blasts of noxious fumes.
Your lurid green scales are hard. (AC +7)
You cannot fit into any form of body armour.
Your system is resistant to poisons. (rPois)
You are cold-blooded and may be slowed by cold attacks.


Message History

Your yak zombie barely misses something.
Something hits you.
You hit something. Your headbutt misses something.
Something hits you but does no damage. You block something's attack.
Your yak zombie barely misses something.
Something hits you. Something hits you but does no damage. Something hits you.
The water moccasin bites you.
Items here: ( ) / [.
You block something's attack. Something barely misses you.
Something closely misses you. Something barely misses you. Something hits you.
Something barely misses you. Something hits you.
The water moccasin closely misses you. Something barely misses you.
Something hits you.
* * * LOW HITPOINT WARNING * * *
Something barely misses you. Something barely misses you. Something hits you!
* * * LOW HITPOINT WARNING * * *
Your yak zombie misses the water moccasin.
Aiming: Corrosive Bolt
Press: ? - help, Shift-Dir - straight line The bolt of acid hits the water moccasin!
The water moccasin is splashed with acid!
The acid corrodes the water moccasin!
The water moccasin is severely wounded.
Something barely misses you. You block something's attack. Something hits you!
* * * LOW HITPOINT WARNING * * *
Your yak zombie closely misses the water moccasin.
Aiming: Corrosive Bolt
Press: ? - help, Shift-Dir - straight line The bolt of acid hits something!
The acid corrodes something!
The bolt of acid misses the water moccasin.
You block something's attack. Something completely misses you.
Something hits you!
* * * LOW HITPOINT WARNING * * *
You feel better.
Your transformation is almost over.
You block something's attack. Something hits you!
You die...
Your body rises from the dead as a mindless zombie.

#.......+ #.......#
#.......#### ###.(.....##..
#........# #.# #....)...#
#.# .# . #........# #.# #.#
.# #........###.## #.#.#.
+......ZS.@...# .# #.#.#
#....=...###..##.#.# #.#.#.
#........###Z.##..#.#.#.#.#
####..).......##.#.#.#.#.#.
#+########.##..#.#.#.#.#
#.##.#.#.#.#.#.
#######.###.#.#.#Z#>#
/....<...Z.#Z#Z#.#Z#.
###########.#.#Z#Z#Z#


You could see a water moccasin (corroded, ally target) and a friendly yak
zombie.

Vanquished Creatures
  Psyche (D:8)
  11 yaks
  2 wyverns (D:10)
  A steam dragon (D:9)
  Menkaure (D:7)
  3 water moccasins (D:10)
  An orc warrior (D:9)
  3 ice beasts (D:6)
  2 sky beasts
  An ogre (D:5)
  A black bear (D:7)
  A necrophage (D:7)
  A centaur (D:9)
  2 kobold brigands
  3 bullfrogs
  A gnoll sergeant (D:9)
  11 scorpions
  A wyvern zombie (D:6)
  A water moccasin zombie (D:5)
  A wyvern skeleton (D:6)
  4 killer bees (D:10)
  A water moccasin skeleton (D:5)
  4 wights (D:8)
  2 howler monkeys
  4 jellies
  2 bullfrog zombies
  7 centaur zombies
  A human zombie (Ossuary)
  An orc priest (D:8)
  A centaur skeleton (D:7)
  A gnoll shaman (D:8)
  2 hounds
  A bullfrog skeleton (D:5)
  2 iguanas (D:6)
  Natasha (thrice) (D:3)
  4 orc wizards
  7 scorpion zombies (Ossuary)
  A killer bee zombie (D:6)
  3 mummies (Ossuary)
  2 howler monkey zombies
  12 gnolls
  6 adders
  2 white imps
  2 ufetubi
  An adder skeleton (D:4)
  2 worms
  2 dart slugs
  16 orcs
  9 ball pythons
  7 endoplasms
  4 giant cockroaches
  A gnoll zombie (Ossuary)
  11 goblins
  4 hobgoblins
  2 jackals (D:1)
  4 quokkas
  3 bats (D:2)
  4 frilled lizards
  3 goblin zombies (Ossuary)
  3 hobgoblin zombies (Ossuary)
  17 kobolds
  2 kobold zombies (Ossuary)
  An orc zombie (Ossuary)
  6 rats
  A spectral orc (D:5)
227 creatures vanquished.

Vanquished Creatures (collateral kills)
  Harold (D:10)
  A wraith (D:9)
  A yak (D:9)
  2 orc warriors
  A hornet zombie (D:9)
  A kobold brigand (D:8)
  A bullfrog (D:8)
  A scorpion (D:5)
  A centaur zombie (D:7)
  A gnoll shaman (D:7)
  An orc wizard (D:7)
  A killer bee zombie (D:8)
  2 orcs
  A goblin (D:8)
  2 kobolds (D:8)
18 creatures vanquished.

Vanquished Creatures (others)
  2 bullfrog zombies
  A wyvern zombie (D:10)
  A water moccasin zombie (D:10)
  6 gnoll zombies
  A howler monkey zombie (D:8)
  A killer bee zombie (D:10)
  2 kobold zombies
  An orc skeleton (D:8)
  4 orc zombies
  13 plants
32 creatures vanquished.

Grand Total: 277 creatures vanquished

Notes
Turn   | Place    | Note
-------+----------+-------------------------------------------
     0 | D:1      | Feb132020 the Draconian Venom Mage began the quest for the
                  | Orb.
     0 | D:1      | Reached XP level 1. HP: 14/14 MP: 3/3
   232 | D:1      | Reached XP level 2. HP: 20/20 MP: 3/5
   235 | D:1      | Learned a level 2 spell: Poisonous Vapours
  1067 | D:2      | Reached XP level 3. HP: 26/26 MP: 6/6
  1616 | D:2      | Found a sacrificial altar of Ru.
  1639 | D:2      | Reached XP level 4. HP: 30/33 MP: 4/8
  1641 | D:2      | Learned a level 1 spell: Beastly Appendage
  1790 | D:2      | Found a faded altar of an unknown god.
  2020 | D:2      | Reached skill level 4 in Poison Magic
  2185 | D:3      | Noticed Natasha
  2316 | D:3      | Killed Natasha
  2317 | D:3      | Reached skill level 1 in Short Blades
  2317 | D:3      | Reached XP level 5. HP: 32/38 MP: 5/9
  2413 | D:3      | Noticed Natasha
  2425 | D:3      | Killed Natasha
  2569 | D:3      | Noticed Natasha
  2589 | D:3      | Killed Natasha
  2912 | D:3      | Found a runed translucent door.
  2913 | D:3      | Noticed Crazy Yiuf
  3645 | D:4      | Identified Bajeuc's Papyrus of the Lonely Planets
  3654 | D:4      | Found a sand-covered staircase.
  3663 | Ossuary  | Entered an ossuary
  3680 | Ossuary  | Reached skill level 1 in Fighting
  3680 | Ossuary  | Reached XP level 6. HP: 47/47 MP: 4/10
  3794 | Ossuary  | Learned a level 2 spell: Wereblood
  3959 | Ossuary  | Your scales start taking on a lurid green colour.
  3959 | Ossuary  | Reached skill level 5 in Poison Magic
  3959 | Ossuary  | Reached XP level 7. HP: 45/55 MP: 4/12
  3959 | Ossuary  | Gained mutation: Your system is resistant to poisons.
                  | (rPois) [Green Draconian growth]
  4873 | Ossuary  | Reached skill level 1 in Air Magic
  5694 | D:4      | Reached XP level 8. HP: 63/63 MP: 12/14
  5778 | D:5      | Entered Level 5 of the Dungeon
  6133 | D:5      | Reached skill level 6 in Poison Magic
  6137 | D:5      | Learned a level 3 spell: Spider Form
  6396 | D:5      | Found a broken altar of Ashenzari.
  6586 | D:5      | Reached skill level 5 in Transmutations
  6590 | D:5      | Reached skill level 5 in Spellcasting
  6685 | D:5      | Identified the +3 leather armour of Distant Shores {Str+4
                  | Int+2 Dex+3 Stlth-}
  6720 | D:5      | Found a basalt altar of Yredelemnul.
  6730 | D:5      | Became a worshipper of Yredelemnul the Dark
  7292 | D:6      | Found a hide-covered altar of Uskayaw.
  7314 | D:6      | Reached XP level 9. HP: 73/73 MP: 14/16
  7324 | D:6      | Found a staircase to the Ecumenical Temple.
  7344 | D:6      | Reached skill level 5 in Fighting
  8242 | D:7      | Noticed Menkaure
  8385 | D:7      | Reached * piety under Yredelemnul
  8526 | D:7      | Killed Menkaure
  8807 | D:7      | Reached skill level 7 in Poison Magic
  9508 | D:7      | Learned a level 3 spell: Mephitic Cloud
  9622 | D:7      | Learned a level 4 spell: Olgreb's Toxic Radiance
  9888 | D:8      | Reached skill level 1 in Invocations
 10329 | D:8      | Found a sparkling altar of Nemelex Xobeh.
 10432 | D:8      | Noticed Psyche
 10442 | D:8      | Killed Psyche
 10658 | D:8      | Reached ** piety under Yredelemnul
 10665 | D:8      | Reached XP level 10. HP: 84/84 MP: 19/19
 11320 | D:9      | Reached skill level 5 in Dodging
 11712 | D:9      | Found Ytis's Armour Emporium.
 11792 | D:9      | Found Niar's Antique Armour Shop.
 11795 | D:9      | Bought a pair of boots for 112 gold pieces
 11795 | D:9      | Bought a buckler for 112 gold pieces
 11942 | D:9      | Found Kiclim's General Store.
 11947 | D:9      | Gained mutation: Your body sometimes deteriorates upon
                  | taking damage. [potion of mutation]
 11948 | D:9      | Bought a potion of mutation for 112 gold pieces
 11948 | D:9      | Lost mutation: Your body sometimes deteriorates upon taking
                  | damage. [potion of mutation]
 11948 | D:9      | Gained mutation: Your body sometimes deteriorates upon
                  | taking damage. [potion of mutation]
 11948 | D:9      | Lost mutation: Your body sometimes deteriorates upon taking
                  | damage. [potion of mutation]
 12376 | D:9      | Found Eblel's Assorted Antiques.
 12396 | D:9      | Bought a scroll labelled IFIFUL VID MUGG for 31 gold pieces
 12636 | D:9      | Found Fateme's Distillery.
 12641 | D:9      | Bought a potion of degeneration for 14 gold pieces
 12642 | D:9      | Upgraded the game from 0.27-a0-1158-gaa87e14f67 to
                  | 0.27-a0-1177-g245c70e1c0
 12658 | D:10     | Entered Level 10 of the Dungeon
 12662 | D:10     | Reached *** piety under Yredelemnul
 12707 | D:10     | Reached skill level 5 in Stealth
 12725 | D:10     | Reached skill level 8 in Poison Magic
 13062 | D:10     | Noticed Harold
 13075 | D:10     | Killed Harold
 13076 | D:10     | Reached XP level 11. HP: 45/94 MP: 16/21
 13094 | D:10     | HP: 2/94 [something (8)]
 13095 | D:10     | Slain by an unseen horror

Illustrated notes

Levels and vault maps discovered:
D:1:      dpeg_arrival_round_b, layout_basic
D:2:      layout_basic, hellmonk_ecumenical_altar_arch_garden, basic_altar
D:3:      layout_basic, st_stairs_12, uniq_crazy_yiuf_cottage, uniq_natasha
D:4:      layout_loops_ring, nicolae_ossuary_entry_monument, chequers_arboretum,
          st_stairs_3, kennysheep_minor_cross, patterned_corridor
D:5:      layout_loops_ring, cheibrodos_ashenzari_chains,
          yredelemnul_forgotten_temple_becter
D:6:      layout_basic, kennysheep_mini, minmay_temple_entry_arrows
D:7:      layout_basic, minivault_5, serial_bayou_pond_b, uniq_menkaure
D:8:      layout_loops_corners, nemelex_xobeh_ov_fountains_minmay,
          corexii_checkpoint_a, uniq_psyche
D:9:      layout_roguey, serial_shops, shop_coins, nicolae_shop_window_shopping,
          kennysheep_little_box, shop_coins, shop, minmay_misc_feat_four_crosses
D:10:     layout_basic, minmay_lair_entry_grove, serial_shops,
          nicolae_shop_crystal, kennysheep_generic_room_16, uniq_harold,
          uniq_grum

Skill      XL: |  1  2  3  4  5  6  7  8  9 10 |
---------------+-------------------------------+-----
Dodging        | 2 3 4 5 |  5.5
Stealth        | 2 3 4 5 |  5.7
Transmutations | 2 3 4 5 6 |  6.0
Poison Magic   | 4 5 6 7 8 |  8.0
Short Blades   | 1 3 |  3.2
Spellcasting   | 3 4 5 6 7 |  7.2
Fighting       | 1 2 3 4 6 7 |  7.9
Air Magic      | 1 2 3 |  3.2
Invocations    | 2 4 |  4.7
Shields        | |  0.1

Action                   |  1- 3 |  4- 6 |  7- 9 | 10-12 || total
-------------------------+-------+-------+-------+-------++-------
Melee: Dagger            |    89 |   140 |   515 |   169 ||   913
       Tailslap          |     8 |    10 |    62 |    22 ||   102
       Kick              |       |    20 |    83 |    30 ||   133
       Headbutt          |       |    15 |    51 |    12 ||    78
 Cast: Sting             |    42 |    23 |    24 |       ||    89
       Beastly Appendage |       |     6 |    28 |     8 ||    42
       Poisonous Vapours |       |    11 |    31 |     3 ||    45
       Wereblood         |       |     1 |     2 |       ||     3
       Olgreb's Toxic Ra |       |       |     3 |     9 ||    12
Invok: Animate Remains   |       |       |    19 |    20 ||    39
       Animate Dead      |       |       |       |     3 ||     3
       Recall Undead Sla |       |       |       |     1 ||     1
 Abil: Breathe Noxious F |       |       |    12 |     8 ||    20
Evoke: Wand              |       |       |     2 |     2 ||     4
  Use: Scroll            |       |     7 |     8 |     1 ||    16
       Potion            |       |       |     1 |     4 ||     5
 Stab: Sleeping          |     5 |     4 |     8 |     5 ||    22
       Confused          |       |       |     5 |     4 ||     9
       Distracted        |       |       |     1 |       ||     1
Armor: Skin              |    29 |    42 |   184 |    40 ||   295
Dodge: Dodged            |    58 |    68 |   273 |   118 ||   517
Block: Buckler           |       |       |       |    13 ||    13

Table legend: (Time is in decaauts)
 A = Elapsed time spent in this place.
 B = Non-inter-level travel time spent in this place.
 C = Inter-level travel time spent in this place.
 D = Time resting spent in this place.
 E = Time spent auto-exploring this place.
 F = Levels seen in this place.
 G = Mean time per level.
                   A        B        C        D        E       F      G
               +--------+--------+--------+--------+--------+-----+--------+
         Total |  13552 |  12844 |    708 |    435 |   9876 |  11 | 1232.0 |
       Dungeon |  12073 |  11365 |    708 |     17 |   9198 |  10 | 1207.3 |
       Ossuary |   1479 |   1479 |      0 |    418 |    678 |   1 | 1479.0 |
               +--------+--------+--------+--------+--------+-----+--------+

Top non-repeatable levels by time:
     D:8: 1828 daAuts
     D:7: 1792 daAuts
     D:9: 1559 daAuts
 Ossuary: 1479 daAuts
     D:4: 1188 daAuts
     D:6: 1182 daAuts
     D:2: 1167 daAuts
     D:1: 1059 daAuts
     D:5: 974 daAuts
     D:3: 874 daAuts
    D:10: 446 daAuts
